 Dungeon Crawl Stone Soup version 0.29-a0-613-gf2c431b9b9 (webtiles) character file.

Game seed: 10951179453928775546

1847 HoaS the Basher (level 9, -2/84 HPs)
             Began as an Ogre Berserker on June 16, 2022.
             Was a Believer of Trog.
             Succumbed to an orc's poison
             ... on level 5 of the Dungeon.
             The game lasted 00:12:29 (4882 turns).

HoaS the Basher (Ogre Berserker)                    Turns: 4882, Time: 00:12:30

Health: -2/84      AC: 10    Str: 23    XL:     9   Next: 12%
Magic:  9/9        EV: 14    Int: 13    God:    Trog [**....]
Gold:   238        SH:  0    Dex: 12    Spells: 8/8 levels left

rFire   + . .      SeeInvis .   a - +1 mace
rCold   . . .      Faith    .   (no shield)
rNeg    . . .      Spirit   .   f - +2 robe {Will+}
rPois   .          Reflect  .   (helmet restricted)
rElec   .          Harm     .   h - +0 cloak "Qylaux" {Rampage rF+ Int+5}
rCorr   .          Rampage  +   (gloves unavailable)
Will    +....                   (boots unavailable)
Stlth   +.........              (no amulet)
HPRegen 0.24/turn               e - +4 ring of evasion
MPRegen 0.11/turn               j - +4 ring of protection

@: lethally poisoned (-2 -> -13), on berserk cooldown, slowed, very slow
A: large, unfitting armour, tough skin 1
a: Renounce Religion, Berserk, Trog's Hand


You were on level 5 of the Dungeon.
You worshipped Trog.
Trog was pleased with you.
You visited 1 branch of the dungeon, and saw 5 of its levels.

You collected 238 gold pieces.

Inventory:

Hand Weapons
 a - a +1 mace (weapon)
Armour
 f - a +2 robe of willpower (worn)
 h - the +0 cloak "Qylaux" (worn) {Rampage rF+ Int+5}
   (You found it on level 3 of the Dungeon)

   Int:       It affects your intelligence (+5).
   rF:        It protects you from fire.
   Rampage:   It bestows one free step when moving towards enemies.
Jewellery
 e - a +4 ring of evasion (left hand)
 j - a +4 ring of protection (right hand)
 k - a ring of resist corrosion
 r - a ring of flight
Wands
 c - a wand of charming (13)
Scrolls
 i - 5 scrolls of teleportation
 n - a scroll of identify
 o - 2 scrolls of summoning
Potions
 b - 2 potions of attraction
 d - 2 potions of resistance
 g - a potion of lignification
 l - a potion of flight
 m - a potion of cancellation
 s - a potion of curing {unknown}
Miscellaneous
 q - a lightning rod (4/4)


   Skills:
 - Level 4.0 Fighting
 + Level 10.9 Maces & Flails
 - Level 2.6 Dodging


You had 8 spell levels left.
You didn't know any spells.
Your spell library was empty.

Dungeon Overview and Level Annotations

Branches:
Dungeon (5/15)
 Temple: D:4-7

Altars:
Dithmenos


Innate Abilities, Weirdness & Mutations

You are too large for most types of armour.
You have tough skin. (AC +1)


Message History

a +6 flail of protection; a +0 scale mail You feel a strong urge to attack something.
You closely miss the orc. You barely miss the orc.
The orc hits you but does no damage.
You barely miss the orc. The orc misses you.
You sock the orc!
You kill the orc!
Trog accepts your kill.
You swing at nothing.
You are no longer berserk.
You are exhausted.
You feel yourself slow down.
You barely miss the orc. The orc closely misses you.
You closely miss the orc. You punch the orc, but do no damage.
The orc completely misses you. The orc misses you.
You hit the orc.
The orc is heavily wounded.
The orc barely misses you.
You sock the orc!
You kill the orc!
Trog accepts your kill.
You hit the orc.
The orc is severely wounded.
The orc hits you with a +0 hand axe of venom.
* * * LOW HITPOINT WARNING * * *
You are lethally poisoned!
The orc closely misses you.
You completely miss the orc.
The orc is severely wounded.
* * * LOW HITPOINT WARNING * * *
You feel very sick. The orc hits you but does no damage.
You are more poisoned.
You hit the orc.
You kill the orc!
Trog accepts your kill.
* * * LOW HITPOINT WARNING * * *
You feel very sick.
You swing at nothing.
You die...

##.#.##
##.....#
....<.# #.....#
..... ... # #.#
##. #@#
##...##)#######
...........oo..
##...##.#####.#
##. #.# # #.#
#.# ###.# #.#
#...#


There were no monsters in sight!

Vanquished Creatures
  Pikel (D:4)
  Sigmund (D:4)
  Eustachio (D:4)
  Edmund (D:5)
  2 black bears (D:4)
  2 lemures (D:4)
  A phantom (D:5)
  2 kobold brigands (D:4)
  A bullfrog (D:4)
  A necrophage (D:4)
  A scorpion (D:5)
  3 hounds
  2 orc priests (D:4)
  Crazy Yiuf (D:2)
  Jessica (D:2)
  3 iguanas
  3 gnolls (D:3)
  An ufetubus (D:4)
  A worm (D:2)
  A dart slug (D:2)
  15 orcs
  13 endoplasms
  A giant cockroach (D:1)
  5 hobgoblins
  9 quokkas
  12 ball pythons
  5 bats
  3 frilled lizards
  6 goblins
  10 kobolds
  9 rats
118 creatures vanquished.

Notes
Turn   | Place    | Note
-------+----------+-------------------------------------------
     0 | D:1      | HoaS the Ogre Berserker began the quest for the Orb.
     0 | D:1      | Reached XP level 1. HP: 24/24 MP: 1/1
    41 | D:1      | Reached skill level 3 in Maces & Flails
   278 | D:1      | Reached XP level 2. HP: 30/32 MP: 2/2
   629 | D:1      | Reached ** piety under Trog
   630 | D:1      | Reached XP level 3. HP: 39/39 MP: 3/3
   944 | D:2      | Noticed Jessica
   955 | D:2      | Reached skill level 4 in Maces & Flails
   968 | D:2      | Killed Jessica
   969 | D:2      | Reached XP level 4. HP: 32/48 MP: 4/4
  1753 | D:2      | Found a runed translucent door.
  1754 | D:2      | Noticed Crazy Yiuf
  1865 | D:2      | Killed Crazy Yiuf
  1866 | D:2      | Reached skill level 5 in Maces & Flails
  1909 | D:3      | Reached XP level 5. HP: 50/54 MP: 5/5
  2036 | D:3      | Identified the +0 cloak "Qylaux" {Rampage rF+ Int+5}
  2758 | D:4      | Noticed Sigmund
  2788 | D:4      | Killed Sigmund
  2789 | D:4      | Reached skill level 6 in Maces & Flails
  2789 | D:4      | Reached XP level 6. HP: 62/62 MP: 6/6
  2842 | D:4      | Found a shadowy altar of Dithmenos.
  2924 | D:4      | Noticed Eustachio
  3003 | D:4      | Killed Eustachio
  3004 | D:4      | Reached skill level 7 in Maces & Flails
  3004 | D:4      | Reached XP level 7. HP: 26/70 MP: 7/7
  3322 | D:4      | Found a large runed translucent door.
  3322 | D:4      | Found a large runed translucent door.
  3360 | D:4      | Reached skill level 8 in Maces & Flails
  3457 | D:4      | Reached XP level 8. HP: 10/78 MP: 8/8
  3729 | D:4      | Found a large runed translucent door.
  3729 | D:4      | Found a large runed translucent door.
  3841 | D:4      | Noticed Pikel
  3856 | D:4      | Killed Pikel
  3857 | D:4      | Reached skill level 9 in Maces & Flails
  4365 | D:4      | Reached skill level 10 in Maces & Flails
  4586 | D:5      | Entered Level 5 of the Dungeon
  4692 | D:5      | Reached XP level 9. HP: 78/84 MP: 9/9
  4839 | D:5      | Noticed Edmund
  4867 | D:5      | Killed Edmund
  4881 | D:5      | HP: 1/84 [poisoned by an orc]
  4882 | D:5      | Succumbed to an orc's poison

Illustrated notes

Levels and vault maps discovered:
D:1:      scummos_arrival_star, layout_loops_ring, serial_glass,
          glass_columns_a, glass_columns_a, glass_columns_c
D:2:      layout_basic, grunt_ministairs_2, nicolae_elevator_lobby_asterisk,
          uniq_jessica, uniq_crazy_yiuf_cottage
D:3:      minmay_door_path, layout_loops_ring, minmay_randomly_rotated_circles
D:4:      layout_loops_cross, nicolae_dithmenos_the_darkroom,
          minmay_hollow_rounded_squares, uniq_eustachio, uniq_pikel,
          uniq_sigmund
D:5:      layout_loops_corners, uniq_edmund

Skill      XL: |  1  2  3  4  5  6  7  8 |
---------------+-------------------------+-----
Maces & Flails | 3 4 5 6 7 8 10 | 10.9
Fighting       | |  4.0
Dodging        | |  2.6

Action                   |  1- 3 |  4- 6 |  7- 9 || total
-------------------------+-------+-------+-------++-------
Melee: Mace              |    84 |   176 |   199 ||   459
       Punch             |     1 |     1 |     3 ||     5
       Whip              |       |       |    34 ||    34
Invok: Trog's Hand       |     1 |     3 |     2 ||     6
       Berserk           |       |     2 |     4 ||     6
  Use: Scroll            |       |    12 |     1 ||    13
 Stab: Sleeping          |       |     1 |     1 ||     2
Armor: Animal skin       |    35 |       |       ||    35
       Robe              |       |    98 |    78 ||   176
Dodge: Dodged            |    44 |   216 |   142 ||   402

Table legend: (Time is in decaauts)
 A = Elapsed time spent in this place.
 B = Non-inter-level travel time spent in this place.
 C = Inter-level travel time spent in this place.
 D = Time resting spent in this place.
 E = Time spent auto-exploring this place.
 F = Levels seen in this place.
 G = Mean time per level.
                   A        B        C        D        E       F      G
               +--------+--------+--------+--------+--------+-----+--------+
         Total |   4929 |   4795 |    134 |   1285 |   2490 |   5 |  985.8 |
       Dungeon |   4929 |   4795 |    134 |   1285 |   2490 |   5 |  985.8 |
               +--------+--------+--------+--------+--------+-----+--------+

Top non-repeatable levels by time:
     D:4: 1874 daAuts
     D:2: 1005 daAuts
     D:1: 920 daAuts
     D:3: 848 daAuts
     D:5: 279 daAuts
